 Dungeon Crawl Stone Soup version 0.31-a0-117-g42d8f58691 (webtiles) character file.

Game seed: 4879802529307324391

4260 MackTheKnife the Fighter (level 10, -3/61 HPs)
             Began as a Vine Stalker Berserker on May 30, 2023.
             Was a Believer of Trog.
             Slain by a blink frog (9 damage)
             ... on level 1 of the Lair of Beasts.
             The game lasted 00:08:12 (1817 turns).

MackTheKnife the Fighter (Vine Stalker Berserker)   Turns: 1817, Time: 00:08:13

Health: -3/61      AC: 17    Str: 20    XL:     10   Next: 31%
Magic:  0/11       EV:  8    Int: 13    God:    Trog [**....]
Gold:   147        SH:  0    Dex: 18    Spells: 9/9 levels left

rFire   . . .        w - +0 rapier {short}
rCold   . . .        (no shield)
rNeg    . . .        s - +4 chain mail
rPois   .            u - +2 helmet
rElec   .            d - +0 cloak
rCorr   .            (no gloves)
SInv    .            m - +0 pair of boots
Will    ++...        (no amulet) Stlth
                     c - ring of flight
HPRegen 1.10/turn    j - +6 ring of intelligence
MPRegen 0.12/turn

%: guardian spirit
@: mighty, on berserk cooldown, attractive, enlightened, flying, slowed, very
slow
A: fangs 3, regeneration 1, magic shield, antimagic bite, no potion heal 2
a: Renounce Religion, Berserk, Trog's Hand


You were on level 1 of the Lair of Beasts.
You worshipped Trog.
Trog was pleased with you.
You visited 2 branches of the dungeon, and saw 10 of its levels.

You collected 147 gold pieces.


Innate Abilities, Weirdness & Mutations

You have razor-sharp teeth.
Your natural rate of healing is unusually fast.
When hurt, damage is shared between your health and your magic reserves.
Your bite disrupts and absorbs the magic of your enemies.
Potions cannot restore your health.


   Skills:
 + Level 11.6 Fighting
 - Level 8.0 Short Blades
 - Level 1.5 Armour
 - Level 1.5 Dodging


You had 9 spell levels left.
You didn't know any spells.
Your spell library contained the following spells:

 Spells                   Type           Power      Damage    Failure   Level
 Ensorcelled Hibernation  Hex/Ice        0%         N/A       98%         2
 Passwall                 Tmut/Erth      0%         N/A       98%         2
 Swiftness                Air            0%         N/A       100%        3

Inventory:

Hand Weapons
 w - a +0 rapier (weapon) {short}
   (You found it on level 8 of the Dungeon)
Missiles
 h - 5 javelins (quivered) {throwing}
Armour
 d - a +0 cloak (worn)
   (You took it off Crazy Yiuf on level 2 of the Dungeon)
 m - a +0 pair of boots (worn)
   (You found it on level 6 of the Dungeon)
 s - a +4 chain mail (worn)
   (You found it on level 7 of the Dungeon)
 u - a +2 helmet (worn)
   (You found it on level 8 of the Dungeon)
Jewellery
 c - a ring of flight (left hand)
   (You found it on level 3 of the Dungeon)
 j - a +6 ring of intelligence (right hand)
   (You found it on level 4 of the Dungeon)
Wands
 p - a wand of iceblast (3)
   (You found it on level 6 of the Dungeon)
 v - a wand of acid (9)
   (You found it on level 8 of the Dungeon)
Scrolls
 f - 2 scrolls of amnesia
 i - a scroll of torment {unknown}
 k - a scroll of vulnerability {unknown}
 o - a scroll of noise {unknown}
 r - a scroll of poison {unknown}
Potions
 l - a potion of cancellation
 q - 2 potions of might

Dungeon Overview and Level Annotations

Branches:
Dungeon (9/15) Zot: 26746    Lair (1/5) D:9 Zot: 5933
 Temple: D:4-7          Orc: D:9-12

Altars:
Cheibriados
Ru

** *** #** *********
,***.####.##############*,**,**,*
..........§..FFF@.......,,,,,,,,,
.......>/.§..FF##.#.#...,,,,,,,,,
.........F§....#*##*,,,,***,**,,,
....!......§§..# **,,,* ****,,,
...§.....§§§...# **,,** *,,,
§F.§.....§.....# *,,,* *,,,
F§.............#* **,,** *,,,
F...####.#.##...* *,,,******,,,
.F.F+.......#,,** *,,,,,,,,,,,,


You could see 4 blink frogs and a bullfrog.


Message History

As you read the scroll labelled KELESI VIDUG SEPNO, it crumbles to dust.
You feel aware of your surroundings.
It was a scroll of magic mapping.
The blink frog blinks! x2
The bullfrog hits you but does no damage.
The blink frog blinks! x3
The blink frog hits you but does no damage.
The blink frog blinks!
The bullfrog hits you but does no damage.
The blink frog blinks! 😮 HP[+2]
You regained 2 hp, and now have 33/61 hp.
As you read the scroll labelled QEN APSIAC, it crumbles to dust.
You feel strangely unstable.
It was a scroll of teleportation.
The sentinel's mark upon you fades away.
The blink frog barely misses you.
The blink frog blinks!
The bullfrog barely misses you. The blink frog hits you!
* * * LOW HITPOINT WARNING * * *
The blink frog blinks!
The blink frog falters for a moment.
The bullfrog hits you!
* * * LOW HITPOINT WARNING * * *
😨 HP[-13] MP[-3]
You take 13 damage, and now have 20/61 hp.
MASSIVE DAMAGE!! (PAUSE)
You lost 3 mp, and now have 6/11 mp.
The blink frog attacks as you move away!
The blink frog hits you!
* * * LOW HITPOINT WARNING * * *
Your surroundings suddenly seem different. 😨 HP[-3] MP[-2]
You take 3 damage, and now have 17/61 hp.
You lost 2 mp, and now have 4/11 mp.
Unknown command.
Unknown command. 😨 HP[+2]
You regained 2 hp, and now have 19/61 hp. 😨 HP[+1] MP[+1]
Aiming: Corrosive Bolt
Press: ? - help, Shift-Dir - straight line, f - blink frog
Aim: a blink frog (50% to hit)
The bolt of acid misses the blink frog.
The blink frog hits you.
* * * LOW HITPOINT WARNING * * *
The blink frog blinks!
Unknown command.
Okay, then.
The blink frog hits you!
* * * LOW HITPOINT WARNING * * *
The blink frog closely misses you. 😱 HP[-10] MP[-2]
You take 10 damage, and now have 10/61 hp.
You lost 2 mp, and now have 3/11 mp.
Unknown command.
The blink frog attacks as you move away!
The blink frog hits you.
* * * LOW HITPOINT WARNING * * *
The blink frog croaks.
You hear a loud, deep croak!
The blink frog blinks!
The blink frog hits you!
* * * LOW HITPOINT WARNING * * *
The blink frog blinks! 😱 HP[-9] MP[-3]
You take 9 damage, and now have 1/61 hp.
You lost 3 mp, and now have 0/11 mp.
Unknown command.
The blink frog blinks! 😱 HP[+2]
You regained 2 hp, and now have 3/61 hp.
Unknown command.
It was a potion of curing.
That felt strangely inert.
The blink frog blinks! 😱 HP[+2]
You regained 2 hp, and now have 5/61 hp.
Okay, then.
Okay, then.
It was a potion of attraction.
You feel attractive to monsters.
The blink frog gives a loud, deep croak!
The blink frog hits you but does no damage.
The blink frog is attracted toward you. x5 😱 HP[+1] MP[+1] It was a potion of enlightenment.
You feel more buoyant.
The blink frog croaks.
You hear a croak.
The blink frog hits you.
* * * LOW HITPOINT WARNING * * *
The blink frog blinks! x5; The blink frog is attracted toward you. x4
The bullfrog is attracted toward you. x2 😱 HP[-2]
You take 2 damage, and now have 4/61 hp.
What are your orders? t - Shout!
Orders for allies: a - Attack new target. r - Retreat! s - Stop attacking. g - Guard the area. f - Follow me.
Anything else - Cancel.
Okay, then.
Unknown command.
You feel very mighty all of a sudden.
The blink frog gives a loud, deep croak!
You hear a loud, deep croak!
The blink frog hits you!
You die...

Skill      XL: |  1  2  3  4  5  6  7  8  9 10 |
---------------+-------------------------------+-----
Short Blades   | 3 4 5 6 7 8 |  8.0
Fighting       | 4 7 10 11 | 11.6
Armour         | |  1.5
Dodging        | |  1.5

Action                     |  1- 3 |  4- 6 |  7- 9 | 10-12 || total
---------------------------+-------+-------+-------+-------++-------
  Melee: Short sword       |    45 |   107 |    77 |       ||   229
         Bite              |    11 |    35 |    92 |    13 ||   151
         Punch             |     1 |     4 |     3 |       ||     8
         Rapier            |       |       |   164 |    32 ||   196
 Invoke: Berserk           |     2 |     2 |     3 |     1 ||     8
  Evoke: Wand              |       |     1 |     5 |     1 ||     7
    Use: Scroll            |       |       |       |     6 ||     6
         Potion            |       |       |       |     4 ||     4
 Armour: Animal skin       |     6 |       |       |       ||     6
         Ring mail         |       |    33 |     4 |       ||    37
         Chain mail        |       |       |   154 |    28 ||   182
  Dodge: Dodged            |    26 |    44 |    97 |    18 ||   185

Levels and vault maps discovered:
D:1:      ncdulo_halloftheorcs, layout_loops_ring
D:2:      minmay_evil_eye, layout_basic, basic_altar,
          hellmonk_ecumenical_altar_zigzags, kennysheep_generic_room_11,
          uniq_jessica, uniq_crazy_yiuf_cottage, uniq_natasha
D:3:      layout_basic, nicolae_overflow_ecumenical_swirl
D:4:      layout_rooms, mainiacjoe_overflow_small_starburst,
          minmay_temple_entry_mini_moons, nicolae_shop_i_like_big_books
D:5:      layout_basic, amethyst_overflow_temple_binary,
          chequers_serial_rivers_small_3, solitary_fountain, minivault_27
D:6:      layout_cave_pools, mainiacjoe_overflow_chevrons, serial_column_ruins,
          column_ruins_temple_hall, column_ruins_hut_ruined,
          column_ruins_open_small, column_ruins_corridor_dead_end,
          column_ruins_open_small, column_ruins_corridor_straight,
          column_ruins_columns_corner, column_ruins_open_small_water,
          column_ruins_open_tiny
D:7:      layout_basic, slow_altar_1, uniq_maggie, uniq_prince_ribbit1
D:8:      layout_rooms, skrybe_limestone_x
D:9:      layout_gridville, grunt_gozag_statues, due_lair_maze_entry_diamond,
          kennysheep_orc_monster_closet_entryway,
          gammafunk_ghost_berserking_beasts
Lair:1:   layout_chaotic_city, gammafunk_ghost_hydra_chop,
          minmay_stone_trees_small

Notes
Turn   | Place    | Note
-------+----------+-------------------------------------------
     0 | D:1      | MackTheKnife the Vine Stalker Berserker began the quest for
                  | the Orb.
     0 | D:1      | Reached XP level 1. HP: 11/11 MP: 2/2
     0 | D:1      | magus.rc [v1.9.6]
    76 | D:2      | Reached skill level 3 in Short Blades
   105 | D:2      | Reached XP level 2. HP: 13/16 MP: 0/3
   145 | D:2      | Found a runed translucent door.
   146 | D:2      | Noticed Crazy Yiuf
   152 | D:2      | Killed Crazy Yiuf
   153 | D:2      | Reached skill level 4 in Short Blades
   153 | D:2      | Reached XP level 3. HP: 18/19 MP: 4/4
   234 | D:2      | Found a faded altar of an unknown god.
   347 | D:2      | Noticed Natasha
   351 | D:2      | Killed Natasha
   352 | D:2      | Gained mutation: Your natural rate of healing is unusually
                  | fast. [Vine Stalker growth]
   352 | D:2      | Reached XP level 4. HP: 20/23 MP: 2/5
   353 | D:2      | Found a sacrificial altar of Ru.
   681 | D:4      | Found a sacrificial altar of Ru.
   706 | D:4      | You pick up a book of Burglary {forbidden} and begin
                  | reading...
   706 | D:4      | You add the spells Passwall, Ensorcelled Hibernation and
                  | Swiftness to your library.
   762 | D:5      | Entered Level 5 of the Dungeon
   800 | D:5      | Reached skill level 5 in Short Blades
   800 | D:5      | Reached XP level 5. HP: 27/27 MP: 3/6
   846 | D:6      | Found a faded altar of an unknown god.
   847 | D:6      | Noticed a phantom
   866 | D:6      | Killed a phantom
   918 | D:6      | Reached skill level 6 in Short Blades
   918 | D:6      | Reached XP level 6. HP: 25/32 MP: 3/7
  1052 | D:6      | Reached skill level 7 in Short Blades
  1052 | D:6      | Reached XP level 7. HP: 30/35 MP: 8/8
  1078 | D:7      | Found a snail-covered altar of Cheibriados.
  1148 | D:7      | Noticed Prince Ribbit
  1159 | D:7      | Reached ** piety under Trog
  1162 | D:7      | Killed Prince Ribbit
  1163 | D:7      | Reached skill level 8 in Short Blades
  1163 | D:7      | Reached skill level 3 in Fighting
  1232 | D:8      | Reached skill level 4 in Fighting
  1232 | D:8      | Gained mutation: You have razor-sharp teeth. [Vine Stalker
                  | growth]
  1232 | D:8      | Reached XP level 8. HP: 42/42 MP: 9/9
  1323 | D:8      | Reached skill level 5 in Fighting
  1388 | D:8      | Reached skill level 6 in Fighting
  1483 | D:9      | Noticed a yak
  1483 | D:9      | Noticed a yak
  1492 | D:9      | Killed a yak
  1493 | D:9      | Noticed a yak
  1493 | D:9      | Noticed a yak
  1494 | D:9      | Noticed a yak
  1494 | D:9      | Noticed a yak
  1495 | D:9      | Noticed a yak
  1496 | D:9      | Noticed a yak
  1496 | D:9      | Noticed a yak
  1503 | D:8      | Killed a yak
  1504 | D:8      | Reached skill level 7 in Fighting
  1527 | D:8      | Reached XP level 9. HP: 51/51 MP: 10/10
  1540 | D:9      | Noticed a troll
  1550 | D:9      | Killed a troll
  1551 | D:9      | Reached skill level 8 in Fighting
  1596 | D:9      | Reached skill level 9 in Fighting
  1612 | D:9      | Noticed a komodo dragon
  1629 | D:9      | Killed a komodo dragon
  1705 | D:9      | Reached skill level 10 in Fighting
  1712 | D:9      | Found a staircase to the Lair.
  1715 | D:9      | Noticed a komodo dragon
  1729 | D:9      | Killed a komodo dragon
  1730 | D:9      | Reached XP level 10. HP: 23/60 MP: 6/11
  1747 | Lair:1   | Entered Level 1 of the Lair of Beasts
  1767 | Lair:1   | Noticed a cane toad
  1782 | Lair:1   | Killed a cane toad
  1783 | Lair:1   | Reached skill level 11 in Fighting
  1807 | Lair:1   | HP: 15/61 [blink frog (5)]
  1812 | Lair:1   | HP: 5/61 [blink frog (5)]
  1812 | Lair:1   | HP: 1/61 [blink frog (5)]
  1817 | Lair:1   | Slain by a blink frog

Vanquished Creatures
  A cane toad (Lair:1)
  2 komodo dragons (D:9)
  A troll (D:9)
  2 blink frogs (Lair:1)
  Prince Ribbit (D:7)
  3 yaks
  A steam dragon (D:9)
  5 water moccasins
  A centaur (D:8)
  An ogre (D:6)
  A phantom (D:6)
  13 bullfrogs
  A scorpion (D:6)
  3 wights (D:8)
  3 hounds
  A jelly (D:6)
  An orc priest (D:9)
  Crazy Yiuf (D:2)
  An orc wizard (D:9)
  Natasha (D:2)
  4 gnolls (D:7)
  An adder (D:5)
  A shadow imp (D:8)
  A worm (D:7)
  2 dart slugs (D:2)
  6 orcs
  2 bats
  3 endoplasms
  2 goblins
  2 hobgoblins
  2 quokkas (D:2)
  2 ball pythons
  6 kobolds
78 creatures vanquished.

Table legend:
 A = Non-vault XP
 B = Vault XP
 C = Vault XP percentage of total XP
 D = Non-vault monster count
 E = Vault monster count
 F = Vault count percentage of total count
                 A         B        C        D         E       F
            +---------+---------+-------+---------+---------+-------
      Total |    4097 |    1990 |  32.7 |      63 |      15 |  19.2
            +---------+---------+-------+---------+---------+-------
        D:1 |       3 |       0 |   0.0 |       2 |       0 |   0.0
        D:2 |      19 |      79 |  80.6 |       8 |       4 |  33.3
        D:3 |       6 |       0 |   0.0 |       4 |       0 |   0.0
        D:4 |       7 |       0 |   0.0 |       5 |       0 |   0.0
        D:5 |      98 |       0 |   0.0 |       3 |       0 |   0.0
        D:6 |     488 |       0 |   0.0 |       8 |       0 |   0.0
        D:7 |     140 |     257 |  64.7 |       5 |       2 |  28.6
        D:8 |    1181 |       0 |   0.0 |      13 |       0 |   0.0
        D:9 |     765 |    1654 |  68.4 |       8 |       9 |  52.9
     Lair:1 |    1390 |       0 |   0.0 |       7 |       0 |   0.0
            +---------+---------+-------+---------+---------+-------

Skill      XL: |  1  2  3  4  5  6  7  8  9 10 |
---------------+-------------------------------+-----
Short Blades   | 3 4 5 6 7 8 |  8.0
Fighting       | 4 7 10 11 | 11.6
Armour         | |  1.5
Dodging        | |  1.5

Action                     |  1- 3 |  4- 6 |  7- 9 | 10-12 || total
---------------------------+-------+-------+-------+-------++-------
  Melee: Short sword       |    45 |   107 |    77 |       ||   229
         Bite              |    11 |    35 |    92 |    13 ||   151
         Punch             |     1 |     4 |     3 |       ||     8
         Rapier            |       |       |   164 |    32 ||   196
 Invoke: Berserk           |     2 |     2 |     3 |     1 ||     8
  Evoke: Wand              |       |     1 |     5 |     1 ||     7
    Use: Scroll            |       |       |       |     6 ||     6
         Potion            |       |       |       |     4 ||     4
 Armour: Animal skin       |     6 |       |       |       ||     6
         Ring mail         |       |    33 |     4 |       ||    37
         Chain mail        |       |       |   154 |    28 ||   182
  Dodge: Dodged            |    26 |    44 |    97 |    18 ||   185

Illustrated notes

Table legend:
 A = Kills in this place as a percentage of kills in the entire game.
 B = Kills by you in this place as a percentage of kills by you in the entire game.
 C = Kills by friends in this place as a percentage of kills by friends in the entire game.
 D = Other kills in this place as a percentage of other kills in the entire game.
 E = Experience gained in this place as a percentage of experience gained in the entire game.
 F = Experience gained in this place divided by the number of levels of this place that you have seen.
                   A       B       C       D       E      F
               +-------+-------+-------+-------+-------+----------------------
         Total | 100.0 | 100.0 |   N/A |   N/A | 100.0 | 608.7
       Dungeon |  91.0 |  91.0 |   N/A |   N/A |  77.2 | 521.9
          Lair |   9.0 |   9.0 |   N/A |   N/A |  22.8 | 1390.0
               +-------+-------+-------+-------+-------+----------------------

Table legend: (Time is in decaauts)
 A = Elapsed time spent in this place.
 B = Non-inter-level travel time spent in this place.
 C = Inter-level travel time spent in this place.
 D = Time resting spent in this place.
 E = Time spent auto-exploring this place.
 F = Levels seen in this place.
 G = Mean time per level.
                   A        B        C        D        E       F      G
               +--------+--------+--------+--------+--------+-----+--------+
         Total |   1785 |   1629 |    156 |      0 |     27 |  10 |  178.5 |
       Dungeon |   1720 |   1564 |    156 |      0 |     27 |   9 |  191.1 |
          Lair |     64 |     64 |      0 |      0 |      0 |   1 |   64.0 |
               +--------+--------+--------+--------+--------+-----+--------+

Top non-repeatable levels by time:
     D:2: 472 daAuts
     D:8: 361 daAuts
     D:6: 223 daAuts
     D:9: 208 daAuts
     D:3: 133 daAuts
     D:4: 101 daAuts
     D:5: 87 daAuts
     D:7: 70 daAuts
  Lair:1: 64 daAuts
     D:1: 62 daAuts
